 Dungeon Crawl Stone Soup version 0.25-a0-707-g603da076d2 (webtiles) character file.

Game seed: 14777862588903077047, levelgen mode: deterministic

184 Flugslaktarn the Chopper (level 5, -3/47 HPs)
             Began as a Minotaur Fighter on Apr 4, 2020.
             Killed from afar by an orc wizard (5 damage)
             ... with a magic dart
             ... on level 4 of the Dungeon.
             The game lasted 00:00:34 (613 turns).

Flugslaktarn the Chopper (Minotaur Fighter)          Turns: 613, Time: 00:00:35

Health: -3/47      AC: 12    Str: 22    XL:     5   Next: 36%
Magic:  4/4        EV:  4    Int:  5    God:
Gold:   63         SH:  9    Dex:  9    Spells: 4/4 levels left

rFire    . . .     SeeInvis .   a - +0 war axe
rCold    . . .     Gourm    .   c - +0 kite shield
rNeg     . . .     Faith    .   g - +0 plate armour (curse)
rPois    .         Spirit   .   (helmet restricted)
rElec    .         Reflect  .   (no cloak)
rCorr    .         Harm     .   (no gloves)
MR       .....                  (no boots)
Stlth    ..........             (no amulet)
HPRegen  0.15/turn              (no ring)
MPRegen  0.09/turn              (no ring)

@: no status effects
A: retaliatory headbutt, horns 2
a: no special abilities


You were on level 4 of the Dungeon.
You were not hungry.

You visited 1 branch of the dungeon, and saw 4 of its levels.

You collected 63 gold pieces.

Inventory:

Hand Weapons
 a - a +0 war axe (weapon)
Armour
 b - a +0 scale mail
 c - a +0 kite shield (worn)
 g - a cursed +0 plate armour (worn)
   (You found it on level 1 of the Dungeon)
Jewellery
 m - an uncursed ring of flight {unknown}
   (You found it on level 2 of the Dungeon)
Scrolls
 f - 10 scrolls of identify {unknown}
 l - a scroll of remove curse {unknown}
 n - a scroll of random uselessness {unknown}
Potions
 d - a potion of might
 h - a potion of degeneration {unknown}
 i - 2 potions of curing {unknown}
 j - a potion of heal wounds {unknown}
Comestibles
 e - a ration
 k - 13 chunks of flesh


   Skills:
 + Level 4.6 Fighting
 * Level 4.7 Axes
 + Level 4.5 Armour
 + Level 4.6 Shields


You had 4 spell levels left.
You didn't know any spells.
Your spell library was empty.

Dungeon Overview and Level Annotations

Branches:
Dungeon (4/15)
 Temple: D:4-7

Altars:


Innate Abilities, Weirdness & Mutations

You reflexively headbutt those who attack you in melee.
You have a pair of horns on your head.


Message History

You hit the orc warrior but do no damage.
The orc wizard mumbles some strange words.
The orc wizard blinks!
You block the orc warrior's attack.
Your plate armour prevents you from hitting the orc warrior.
You headbutt the orc warrior!
The orc warrior is moderately wounded.
You block the orc warrior's attack.
You closely miss the orc warrior.
The orc warrior is moderately wounded.
You slash the adder skeleton!
The orc wizard mumbles some strange words.
The orc wizard blinks!
The adder skeleton bites you.
The orc warrior hits you with a +1 vorpal glaive!
* * * LOW HITPOINT WARNING * * *
x2 You are too injured to fight recklessly!
The adder skeleton bites you but does no damage.
The orc wizard hits you but does no damage.
The orc wizard points at you and mumbles some strange words.
The magic dart hits you.
You die...

....#. .#...#
.$.#. ......#
#.o. ##.#... #..
##...##
#)##.....##
##..Z.>....##
.##...).).....#
........o.o....+
.....##...$.@<.<#
#.#.# ##.......##
# #. ##.....## #
##...## ##+##


You could see an orc warrior, an orc wizard and an adder skeleton.

Vanquished Creatures
  2 orc wizards (D:4)
  Jessica (D:2)
  Robin (D:3)
  4 adders
  An ooze (D:2)
  A worm (D:3)
  2 leopard geckos (D:1)
  An orc (D:4)
  2 bats
  3 giant cockroaches
  14 goblins
  6 hobgoblins
  3 kobolds (D:1)
  A quokka (D:2)
  A frilled lizard (D:2)
  3 rats
46 creatures vanquished.

Notes
Turn   | Place    | Note
-------+----------+-------------------------------------------
     0 | D:1      | Flugslaktarn the Minotaur Fighter began the quest for the
                  | Orb.
     0 | D:1      | Reached XP level 1. HP: 19/19 MP: 0/0
    67 | D:1      | Reached XP level 2. HP: 23/27 MP: 1/1
   217 | D:2      | Reached XP level 3. HP: 33/33 MP: 2/2
   222 | D:2      | Noticed Jessica
   228 | D:2      | Killed Jessica
   277 | D:2      | Reached XP level 4. HP: 39/40 MP: 3/3
   443 | D:3      | Noticed Robin
   461 | D:3      | Killed Robin
   595 | D:4      | Noticed an orc warrior
   600 | D:4      | Reached XP level 5. HP: 35/47 MP: 4/4
   609 | D:4      | HP: 2/47 [orc warrior/+1 vorpal glaive (4)]
   613 | D:4      | Killed from afar by an orc wizard

Levels and vault maps discovered:
D:1:      wander_arrival_fairy_ring, layout_basic
D:2:      layout_basic, uniq_jessica
D:3:      layout_basic, uniq_robin
D:4:      layout_loops_corners, palyth_stone_intersect

Skill      XL: |  1  2  3  4 |
---------------+-------------+-----
Axes           | 3 4 |  4.7
Fighting       | 4 |  4.6
Armour         | 4 |  4.5
Shields        | 4 |  4.6

Action                   |  1- 3 |  4- 6 || total
-------------------------+-------+-------++-------
Melee: War axe           |    51 |    65 ||   116
       Headbutt          |     3 |    10 ||    13
Armor: Scale mail        |     5 |       ||     5
       Plate armour      |    28 |    47 ||    75
Dodge: Dodged            |    13 |    12 ||    25
Block: Kite shield       |    27 |    37 ||    64

Table legend:
 A = Non-vault XP
 B = Vault XP
 C = Vault XP percentage of total XP
 D = Non-vault monster count
 E = Vault monster count
 F = Vault count percentage of total count
                 A         B        C        D         E       F
            +---------+---------+-------+---------+---------+-------
      Total |     190 |      74 |  28.0 |      33 |      13 |  28.3
            +---------+---------+-------+---------+---------+-------
        D:1 |      21 |       0 |   0.0 |      11 |       0 |   0.0
        D:2 |      48 |      37 |  43.5 |      12 |       1 |   7.7
        D:3 |      39 |      37 |  48.7 |       7 |      12 |  63.2
        D:4 |      82 |       0 |   0.0 |       3 |       0 |   0.0
            +---------+---------+-------+---------+---------+-------
